Map: [ESL] Ghost River

Players

GunGFuBanDa - Winner!

  • Race: Protoss Protoss
  • Spawn Location: 1:00

Bly

  • Race: Zerg Zerg
  • Spawn Location: 11:00

Event: ESL SC2 Masters 2024 Spring (Regional)

VOD

Have the link to the VOD?

Description

Time

  • Played on: April 16, 2024, 1:58 p.m.
  • Length: 12:11

All games in this series

Show
View Real Time Build Order
Export as new Build Order

GunGFuBanDa Protoss - Winner!

Build Orders: 1 Gate Expand, Oracle Opening 

Get SALT Encoding   

  12  0:00  Probe  
  13  0:12  Probe  
  14  0:18  Pylon  
  14  0:24  Probe  
  15  0:36  Gateway  
  15  0:38  Probe (Chrono Boost)  
  16  0:45  Assimilator  
  16  0:49  Probe (Chrono Boost)  
  17  0:56  Probe  
  18  1:08  Probe  
  19  1:20  Probe  
  20  1:26  Nexus  
  20  1:36  Cybernetics Core  
  21  1:40  Probe  
  21  1:45  Assimilator  
  21  1:52  Probe  
  21  1:54  Pylon  
  22  2:04  Probe (Chrono Boost)  
  23  2:09  Adept (Chrono Boost)  
  26  2:16  Probe (Chrono Boost)  
  26  2:22  Stargate  
  26  2:23  Probe (Chrono Boost)  
  27  2:30  Probe  
  27  2:32  Adept  
  30  2:37  Warp Gate  
  30  2:41  Probe (Chrono Boost)  
  33  2:52  Probe (Chrono Boost)  
  33  2:53  Probe (Chrono Boost)  
  33  2:58  Probe (Chrono Boost)  
  33  3:00  Probe (Chrono Boost)  
  33  3:04  Oracle (Chrono Boost)  
  35  3:07  Probe  
  35  3:11  Probe, Gateway  
  40  3:18  Pylon  
  40  3:19  Probe  
  41  3:21  Adept  
  41  3:24  Probe  
  44  3:33  Probe  
  45  3:36  Probe  
  45  3:37  Oracle (Chrono Boost)  
  49  3:45  Probe  
  50  3:55  Probe  
  49  3:57  Probe  
  52  4:14  Pylon  
  52  4:16  Oracle (Chrono Boost)  
  52  4:20  Probe  
  52  4:21  Nexus  
  54  4:24  Pylon  
  54  4:31  Pylon  
  54  4:32  Assimilator  
  54  4:34  Assimilator  
  54  4:40  Twilight Council  
  54  4:42  Shield Battery, Probe x2, Forge  
  55  4:54  Probe (Chrono Boost)  
  55  4:56  Stalker  
  55  4:59  Probe (Chrono Boost)  
  59  5:00  Pylon  
  59  5:02  Adept  
  59  5:05  Probe (Chrono Boost)  
  63  5:09  Probe (Chrono Boost)  
  63  5:10  Probe (Chrono Boost)  
  64  5:14  Protoss Ground Weapons Level 1 (Chrono Boost)  
  64  5:19  Probe  
  64  5:20  Blink (Chrono Boost)  
  64  5:21  Probe  
  66  5:22  Stalker x2  
  66  5:26  Gateway  
  70  5:31  Probe  
  70  5:33  Probe  
  73  5:35  Probe  
  73  5:39  Oracle (Chrono Boost)  
  76  5:43  Probe, Shield Battery  
  76  5:45  Shield Battery, Probe  
  76  5:47  Photon Cannon, Probe  
  76  5:49  Pylon  
  79  5:51  Stalker x2  
  79  5:53  Pylon  
  79  5:55  Probe  
  84  5:59  Shield Battery  
  84  6:16  Stalker x2  
  84  6:18  Probe x2  
  82  6:20  Shield Battery  
  82  6:24  Shield Battery  
  78  6:33  Stalker, Probe x2  
  78  6:35  Shield Battery  
  78  6:36  Pylon  
  78  6:37  Photon Cannon  
  82  6:41  Stalker x2  
  82  6:42  Shield Battery  
  82  6:45  Probe  
  82  6:46  Pylon  
  87  6:56  Probe  
  87  6:57  Probe x2  
  87  6:59  Pylon  
  90  7:02  Stalker  
  90  7:06  Stalker x2  
  96  7:08  Probe  
  96  7:09  Probe  
  96  7:13  Charge, Gateway  
  96  7:14  Robotics Facility  
  98  7:15  Gateway  
  98  7:16  Protoss Ground Weapons Level 2 (Chrono Boost)  
  98  7:24  Pylon  
  98  7:28  Pylon  
  98  7:29  Assimilator  
  98  7:34  Assimilator, Gateway  
  98  7:36  Sentry, Stalker  
  98  7:37  Stalker  
  104  7:50  Gateway  
  104  7:53  Pylon, Gateway  
  104  8:06  Observer (Chrono Boost)  
  104  8:07  Stalker x2  
  109  8:20  Pylon, Robotics Bay  
  109  8:21  Immortal (Chrono Boost)  
  109  8:24  Stalker x3  
  119  8:28  Pylon  
  119  8:31  Pylon  
  119  8:36  Stalker x3, Robotics Facility  
  125  8:55  Stalker x5  
  135  8:57  Extended Thermal Lance, Nexus  
  135  9:16  Colossus (Chrono Boost)  
  139  9:25  Pylon x2  
  139  9:26  Zealot x6  
  139  9:27  Zealot x2  
  155  9:32  Pylon  
  155  9:43  Colossus (Chrono Boost)  
  155  9:50  Zealot x6  
  155  9:51  Zealot  
  174  10:01  Probe x2  
  174  10:05  Probe  
  177  10:13  Probe  
  175  10:16  Probe  
  175  10:19  Stalker x3  
  175  10:20  Stalker  
  184  10:30  Warp Prism (Chrono Boost)  
  182  10:39  Probe x2  
  182  10:41  Probe x2  
  184  10:44  Photon Cannon  
  184  10:46  Pylon  
  184  10:51  Probe  
  184  10:53  Probe, Colossus  
  190  11:01  Stalker x5  
  196  11:10  Immortal  
  192  11:20  Probe  
  180  11:34  Stalker x3  
  180  11:35  Stalker x3  
  175  12:01  Zealot  
  175  12:02  Zealot x5  
Show
View Real Time Build Order
Export as new Build Order

Bly Zerg 

Build Orders: Hatch First, Swarm Host 

Get SALT Encoding   

  12  0:00  Drone  
  13  0:12  Overlord  
  13  0:17  Drone  
  14  0:30  Drone x2  
  16  0:48  Hatchery  
  15  0:51  Drone  
  15  0:55  Drone  
  17  0:58  Drone  
  18  1:12  Extractor  
  18  1:13  Spawning Pool  
  17  1:18  Drone  
  17  1:21  Drone  
  18  1:28  Drone  
  19  1:39  Drone  
  20  1:51  Overlord  
  20  2:01  Queen x2  
  20  2:02  Zergling x4  
  26  2:10  Drone  
  26  2:11  Drone  
  26  2:15  Metabolic Boost  
  28  2:23  Drone x2  
  30  2:35  Hatchery  
  29  2:37  Zergling x2  
  30  2:47  Queen  
  30  2:50  Overlord  
  32  2:54  Drone x2  
  35  2:58  Drone  
  35  3:05  Overlord  
  35  3:11  Queen  
  35  3:12  Drone  
  38  3:17  Zergling x2  
  38  3:18  Zergling x2  
  38  3:19  Drone  
  42  3:20  Drone  
  42  3:21  Drone  
  43  3:31  Queen  
  43  3:32  Drone x2  
  47  3:37  Overlord  
  47  3:38  Drone  
  47  3:53  Zergling x6  
  48  3:56  Drone x4  
  48  3:57  Spore Crawler  
  49  4:05  Drone x3  
  52  4:11  Spore Crawler  
  52  4:15  Drone x5  
  56  4:17  Extractor  
  56  4:18  Extractor  
  56  4:22  Roach Warren  
  53  4:26  Spore Crawler  
  53  4:29  Drone  
  53  4:30  Drone x2  
  55  4:39  Drone x4  
  55  4:42  Overlord  
  55  4:43  Overlord  
  59  4:50  Overlord  
  58  4:58  Lair  
  57  5:07  Roach x6  
  66  5:16  Roach x3  
  69  5:32  Zergling x2  
  69  5:33  Zergling x16  
  77  5:36  Ravager  
  77  5:37  Ravager x3  
  81  5:46  Overlord x2  
  81  5:52  Overlord  
  81  5:54  Overlord  
  81  5:56  Overlord  
  81  5:59  Overlord  
  80  6:04  Overlord  
  80  6:06  Overlord  
  74  6:13  Zergling x10  
  67  6:21  Roach x3  
  65  6:35  Glial Reconstitution, Drone x6  
  71  6:41  Drone  
  72  6:49  Drone x3  
  75  6:56  Drone  
  75  6:57  Drone x2  
  78  7:05  Extractor  
  78  7:07  Infestation Pit  
  76  7:16  Drone x3  
  76  7:18  Evolution Chamber  
  78  7:23  Hatchery  
  78  7:25  Drone x3  
  80  7:34  Burrow  
  80  7:36  Extractor  
  79  7:38  Roach x6  
  91  7:51  Drone x2  
  91  7:58  Roach x2  
  95  8:13  Swarm Host x10  
  95  8:15  Overlord x2  
  125  8:21  Zerg Missile Weapons Level 1  
  125  8:22  Drone x3  
  128  8:29  Overseer  
  128  8:35  Roach x6  
  128  8:37  Zergling x8  
  144  8:51  Roach x7  
  158  8:58  Overlord  
  158  8:59  Overlord  
  158  9:03  Zergling x14  
  165  9:23  Drone x3  
  168  9:24  Extractor  
  168  9:26  Drone x8  
  175  9:36  Spore Crawler  
  174  9:43  Roach  
  174  9:44  Roach x6  
  174  9:45  Hatchery  
  180  10:00  Overlord x2  
  180  10:03  Baneling Nest  
  179  10:13  Hive  
  172  10:15  Spire  
  169  10:21  Drone  
  169  10:22  Drone x11  
  177  10:34  Ravager  
  177  10:35  Ravager x10  
  188  10:47  Roach x5  
  198  10:52  Baneling x6  
  198  10:53  Baneling x3  
  198  11:10  Zergling x2  
  181  11:31  Roach x7  
  159  11:40  Roach x10  
  159  11:47  Roach x7  
Tags
 
Add a new tag
Caveats
  • Supply blocks, unpowered buildings, or Contaminate may cause inaccurate times.
  • Supply counts are checked every 10 seconds.